 Dungeon Crawl Stone Soup version 0.29.1-2-gbd0b4ee654 (webtiles) character file.

Game seed: 4509657113661870748

166 raph the Firebug (level 5, -2/28 HPs)
             Began as a Deep Elf Fire Elementalist on Nov 24, 2022.
             Was an Initiate of Vehumet.
             Slain by a gnoll
             ... wielding a +0 flail
             ... led by a gnoll bouda
              (9 damage)
             ... on level 4 of the Dungeon.
             The game lasted 00:04:29 (3737 turns).

raph the Firebug (Deep Elf Fire Elementalist)       Turns: 3737, Time: 00:04:30

Health: -2/28      AC:  5    Str:  5    XL:     5   Next: 22%
Magic:  10/12      EV: 12    Int: 22    God:    Vehumet [......]
Gold:   147        SH:  0    Dex: 15    Spells: 2/11 levels left

rFire   . . .      SeeInvis .   a - +3 dagger (elec)
rCold   . . .      Faith    .   (no shield)
rNeg    . . .      Spirit   .   m - +0 robe
rPois   .          Reflect  .   h - +0 helmet
rElec   .          Harm     .   o - +0 cloak
rCorr   .          Rampage  .   (no gloves)
Will    .....                   k - +0 pair of boots
Stlth   ++........              (no amulet)
HPRegen 0.09/turn               (no ring)
MPRegen 0.13/turn               (no ring)

@: no status effects
A: no striking features
a: Renounce Religion


You were on level 4 of the Dungeon.
You worshipped Vehumet.
Vehumet was noncommittal.
You visited 2 branches of the dungeon, and saw 5 of its levels.

You collected 147 gold pieces.

Inventory:

Hand Weapons
 a - a +3 dagger of electrocution (weapon)
 c - a +0 dagger of electrocution
Armour
 h - a +0 helmet (worn)
 k - a +0 pair of boots (worn)
 m - a +0 robe (worn)
 o - a +0 cloak (worn)
Magical Staves
 j - a staff of cold
Jewellery
 f - a ring of ice
Wands
 i - a wand of iceblast (12)
Potions
 b - 2 potions of magic
 d - a potion of flight
 e - a potion of berserk rage {unknown}
 g - a potion of lignification {unknown}
 l - 2 potions of curing


   Skills:
 - Level 2.4 Dodging
 - Level 2.4 Stealth
 + Level 3.8 Spellcasting
 + Level 2.3 Conjurations
 + Level 5.8 Fire Magic


You had 2 spell levels left.
You knew the following spells:

 Your Spells              Type           Power      Damage    Failure   Level
a - Foxfire               Conj/Fire      88%        2x1d8     2%          1
b - Scorch                Fire           58%        2d7       1%          2
c - Conjure Flame         Conj/Fire      22%        6-21      6%          3
d - Inner Flame           Hex/Fire       17%        N/A       11%         3

Your spell library contained the following spells:

 Spells                   Type           Power      Damage    Failure   Level
 Ignite Poison            Fire/Tmut/Pois 12%        N/A       16%         3
 Flame Wave               Conj/Fire      22%        2d8       22%         4
 Sticky Flame             Conj/Fire      22%        2d4       22%         4


Dungeon Overview and Level Annotations

Branches:
Dungeon (4/15)             Temple (1/1) D:4

Altars:
Ashenzari
Cheibriados
Dithmenos
Fedhas
Gozag
Hepliaklqana
Makhleb
Okawaru
Trog
Uskayaw
Vehumet
Wu Jian
Yredelemnul
Zin


Message History

You hear a shout! x2
A gnoll comes into view. It is wielding a +0 halberd.
The gnoll bouda gazes fiercely through you!
You feel your attacks grow feeble. The ice beast attacks as you move away!
The ice beast hits you but does no damage.
Casting: Scorch (safe; 1% risk of failure)
Confirm with . or Enter, or press ? or * to list all spells.
You conjure some foxfire!
The ice beast hits you. The ice beast freezes you.
Casting: Foxfire (safe; 2% risk of failure)
Confirm with . or Enter, or press ? or * to list all spells.
You conjure some foxfire!
The ice beast is no longer more vulnerable to fire.
The foxfire hits the ice beast.
The ice beast melts!
The ice beast is moderately wounded.
The ice beast hits you. The ice beast freezes you!
* * * LOW HITPOINT WARNING * * *
The gnoll bouda gazes fiercely through you!
You feel as though you will be weak longer.
A gnoll comes into view. It is wielding a +0 halberd.
Your foxfire dissipates!
The foxfire hits the ice beast!
The ice beast melts!
The ice beast is heavily wounded.
The foxfire hits the ice beast.
The ice beast melts!
The ice beast is severely wounded.
The ice beast attacks as you move away!
The ice beast hits you but does no damage.
The gnoll attacks as you move away! The gnoll barely misses you.
Your attacks no longer feel as feeble.
The gnoll attacks as you move away! The gnoll barely misses you.
The gnoll bouda barks out a call to the hunt!
The gnolls pick up the pace!
The gnoll hits you but does no damage.
You see here a sky beast corpse.
The gnoll attacks as you move away! The gnoll hits you with a +0 flail.
* * * LOW HITPOINT WARNING * * *
The gnoll barely misses you. The gnoll attacks as you move away!
The gnoll closely misses you. The gnoll attacks as you move away!
The gnoll hits you with a +0 flail!
You die...

## #.. ##.## #.# ....####†######
######### . #............#
#........ . #.........##.#
#.######. .# #.#..##.#.##.## #.#
#.
..###....#.#.#.#.########.######.
...#...#...#..###gg.Y.........gg.
#.....#........#@####)....#####..
##.>.#####....#.## #.#########..
#.....#.......#. #.# #.....
...#...#..#..... #.# #.##g#
..###....##...#.# ..# # #g# .#
#.#..###...#.# ###


lg. .. #.........>#. .... #(.#..#####.#.#. ..... #...........# ...... You could
see an ice beast and 2 gnolls.

Vanquished Creatures
  A sky beast (D:4)
  A gnoll (D:1)
  2 adders (D:2)
  2 dart slugs (D:1)
  6 endoplasms
  A giant cockroach (D:1)
  6 goblins
  6 hobgoblins
  A quokka (D:1)
  6 ball pythons
  4 bats
  2 frilled lizards
  3 kobolds
  8 rats
49 creatures vanquished.

Vanquished Creatures (others)
  142 foxfires
142 creatures vanquished.

Grand Total: 191 creatures vanquished

Notes
Turn   | Place    | Note
-------+----------+-------------------------------------------
     0 | D:1      | raph the Deep Elf Fire Elementalist began the quest for the
                  | Orb.
     0 | D:1      | Reached XP level 1. HP: 10/10 MP: 6/6
   245 | D:1      | Reached XP level 2. HP: 15/15 MP: 2/8
   329 | D:1      | Reached skill level 4 in Fire Magic
   884 | D:1      | Reached XP level 3. HP: 19/19 MP: 5/9
  1420 | D:2      | Reached skill level 5 in Fire Magic
  1493 | D:2      | Learned a level 2 spell: Scorch
  1497 | D:2      | Learned a level 3 spell: Conjure Flame
  1685 | D:2      | Found a faded altar of an unknown god.
  2699 | D:3      | Reached XP level 4. HP: 24/24 MP: 6/10
  3441 | D:4      | Found a staircase to the Ecumenical Temple.
  3447 | Temple   | Entered the Ecumenical Temple
  3540 | Temple   | Became a worshipper of Vehumet
  3596 | D:4      | Noticed a sky beast
  3603 | D:4      | Killed a sky beast
  3604 | D:4      | Reached XP level 5. HP: 20/28 MP: 2/12
  3687 | D:4      | Learned a level 3 spell: Inner Flame
  3715 | D:4      | Noticed an ice beast
  3737 | D:4      | Slain by a gnoll

Illustrated notes

Levels and vault maps discovered:
D:1:      matt_arrival_refuge, layout_basic
D:2:      layout_rooms, ebering_ecumenical_altar_rust, minmay_misc_feat_cross,
          grunt_decor_arrowhead, grunt_decor_mini_mirrors
D:3:      layout_basic
D:4:      layout_loops_ring, minmay_temple_entry_arrows, serial_shops,
          kennysheep_mini_moat
Temple:   eino_temple_water

Skill      XL: |  1  2  3  4 |
---------------+-------------+-----
Fire Magic     | 4 5 |  5.8
Conjurations   | 2 |  2.3
Dodging        | |  2.4
Stealth        | |  2.4
Spellcasting   | |  3.8

Action                   |  1- 3 |  4- 6 || total
-------------------------+-------+-------++-------
Melee: Dagger            |     2 |     1 ||     3
 Cast: Foxfire           |    86 |     2 ||    88
       Scorch            |     8 |    13 ||    21
  Use: Scroll            |     9 |     4 ||    13
Armor: Robe              |     1 |     4 ||     5
Dodge: Dodged            |    12 |     5 ||    17
